 Dungeon Crawl Stone Soup version 0.23-a0-182-g58cdd98 (webtiles) character file.

46 Felrender the Skirmisher (level 3, -1/30 HPs)
             Began as a Demonspawn Abyssal Knight on Sept 20, 2018.
             Was a Follower of Lugonu.
             Slain by Crazy Yiuf
             ... wielding a +4 quarterstaff of chaos
              (12 damage)
             ... on level 2 of the Dungeon.
             The game lasted 00:09:12 (2454 turns).

Felrender the Skirmisher (DsAK)                     Turns: 2454, Time: 00:09:13

Health: -1/30      AC:  4    Str: 13    XL:     3   Next: 44%
Magic:  4/4        EV: 11    Int: 13    God:    Lugonu [*.....]
Gold:   74         SH:  0    Dex: 12    Spells: 2/2 levels left

rFire    . . .     SeeInvis .   a - +2 falchion
rCold    . . .     Gourm    .   (no shield)
rNeg     . . .     Faith    .   b - +0 leather armour
rPois    .         Spirit   .   (no helmet)
rElec    .         Reflect  .   j - +0 cloak
rCorr    .         Harm     .   (no gloves)
MR       .....                  (no boots)
Stlth    +.........             (no amulet)
HPRegen  0.10/turn              (no ring)
MPRegen  0.09/turn              (no ring)

@: drained
A: spiny 1
a: Depart the Abyss, Renounce Religion


You were on level 2 of the Dungeon.
You worshipped Lugonu.
Lugonu was aware of your devotion.
You were not hungry.

You visited 1 branch of the dungeon, and saw 2 of its levels.
You visited the Abyss 1 time.

You collected 74 gold pieces.

Inventory:

Hand Weapons
 a - a +2 falchion (weapon)
Armour
 b - a +0 leather armour (worn)
 j - a +0 cloak (worn)
Scrolls
 f - a scroll of teleportation
 g - 2 scrolls of remove curse
 i - a scroll of magic mapping
Potions
 d - a potion of mutation {unknown}
 e - a potion of resistance {unknown}
Comestibles
 c - 3 rations


   Skills:
 + Level 3.8(3.5) Fighting
 + Level 2.3(2.1) Long Blades
 + Level 1.9(1.7) Armour
 + Level 1.2(0.9) Dodging
 + Level 2.6(2.3) Invocations


You had 2 spell levels left.
You didn't know any spells.
Your spell library was empty.

Dungeon Overview and Level Annotations

Branches:
Dungeon (2/15)

Altars:
Ashenzari

Annotations:
D:2 Crazy Yiuf


Innate Abilities, Weirdness & Mutations

You are partially covered in sharp spines.


Message History

You hit Crazy Yiuf.
Crazy Yiuf is heavily wounded.
Crazy Yiuf is struck by your spines. Crazy Yiuf closely misses you.
You hit Crazy Yiuf.
Crazy Yiuf is heavily wounded.
Crazy Yiuf says, "Flower childish King!"
Crazy Yiuf hits you with a quarterstaff of chaos.
Crazy Yiuf freezes you.
Crazy Yiuf waves his quarterstaff at you.
Crazy Yiuf completely misses you.
You slash Crazy Yiuf!
Crazy Yiuf is almost dead.
Crazy Yiuf grits, "Leather Orb Guardian sow!"
Crazy Yiuf is struck by your spines. Crazy Yiuf barely misses you.
You riposte.
You hit Crazy Yiuf but do no damage.
Crazy Yiuf is almost dead.
You barely miss Crazy Yiuf.
Crazy Yiuf is almost dead.
Crazy Yiuf hits you with a quarterstaff of chaos!
You die...

........#######.#...#.####+#.....
##.####.....................<.>..
.....##..######.#####..#########.
......#..# ### #### #.......
..(...#..# #.###### .._.(.).##
#######.## # ).....#.# ####
###.#......# # ......#.#
#...##..#..P....# # .....##.##
#..g@.####P#....# ##.####..#
#)..### ##P...## .........## ####
###### .#####....# ####
..........# #..# #.........#####
########..# #.............#
#.........# #.............#
#.........# #.........#####
#.........#


You could see Crazy Yiuf.

Vanquished Creatures
  An adder (D:2)
  An ooze (D:1)
  2 worms (D:2)
  A ball python (D:1)
  3 bats
  2 hobgoblins
  4 kobolds
  4 frilled lizards
  6 goblins
  2 rats
  2 fungi (D:2)
28 creatures vanquished.

Notes
Turn   | Place    | Note
-------+----------+-------------------------------------------
     0 | Abyss:1  | Felrender the Demonspawn Abyssal Knight began the quest for
                  | the Orb.
     0 | Abyss:1  | Reached XP level 1. HP: 18/18 MP: 2/2
    28 | Abyss:1  | Noticed a small abomination
    46 | Abyss:1  | Noticed a smoke demon
    48 | D:1      | Escaped the Abyss
   173 | D:1      | Reached skill level 1 in Dodging
   290 | D:1      | Reached * piety under Lugonu
   675 | D:1      | Gained mutation: You are partially covered in sharp spines.
                  | [demonic ancestry]
   675 | D:1      | Reached XP level 2. HP: 19/24 MP: 3/3
  1094 | D:2      | Found a shattered altar of Ashenzari.
  1518 | D:2      | Reached XP level 3. HP: 29/29 MP: 4/4
  2442 | D:2      | Found a runed door.
  2446 | D:2      | Noticed Crazy Yiuf
  2454 | D:2      | Slain by Crazy Yiuf

Vault maps used:
D:1:      minmay_arrival_four_houses
D:2:      old_standard_altar, first_ration, uniq_crazy_yiuf_cottage

Skill      XL: |  1 |
---------------+----+-----
Dodging        | 1 |  1.2
Long Blades    | 2 |  2.3
Fighting       | |  3.8
Armour         | |  1.9
Invocations    | |  2.6

Action                   || total
-------------------------++-------
Melee: Falchion          ||   116
Invok: Depart the Abyss  ||     1
  Use: Scroll            ||     6
       Potion            ||     1
  Eat: Ration            ||     1
       Chunk             ||     1
Armor: Leather armour    ||    26
Dodge: Dodged            ||    49
       Rpst.: Falchion   ||    18

Table legend:
 A = Non-vault XP
 B = Vault XP
 C = Vault XP percentage of total XP
 D = Non-vault monster count
 E = Vault monster count
 F = Vault count percentage of total count
                 A         B        C        D         E       F
            +---------+---------+-------+---------+---------+-------
      Total |      66 |       0 |   0.0 |      26 |       0 |   0.0
            +---------+---------+-------+---------+---------+-------
        D:1 |      25 |       0 |   0.0 |      13 |       0 |   0.0
        D:2 |      41 |       0 |   0.0 |      13 |       0 |   0.0
            +---------+---------+-------+---------+---------+-------
